 Dungeon Crawl Stone Soup version 0.32-a0-7-ge934b4519a (webtiles) character file.

Game seed: 6153504621439166847

1234 chunkyMonkey the Apothecary (level 8, -7/54 HPs)
             Began as an Octopode Alchemist on Jan 2, 2024.
             Mangled by a gnoll sergeant
             ... wielding a +0 spear
              (11 damage)
             ... on level 7 of the Dungeon on Jan 13, 2024.
             The game lasted 00:21:14 (6957 turns).

chunkyMonkey the Apothecary (Octopode Alchemist)    Turns: 6957, Time: 00:21:15

Health: -7/54      AC:  1    Str:  9      XL:     8   Next: 48%
Magic:  10/13      EV: 13    Int: 16 (17) God:
Gold:   1021       SH:  4    Dex: 12 (13) Spells: 4/14 levels left

rFire   . . .        r - +0 spear
rCold   . . .        n - +0 buckler
rNeg    . . .        (helmet restricted)
rPois   .            (no amulet)
rElec   .            (no ring)
rCorr   .            (no ring)
SInv    .            (no ring)
Will    .....        (no ring)
Stlth   +++          (no ring)
HPRegen 0.29/turn    (no ring)
MPRegen 0.13/turn    (no ring)
                     (no ring)

%: no passive effects
@: studying Polearms
A: almost no armour, amphibious, 8 rings, camouflage 1, gelatinous body 1,
(nimble swimmer 1), tentacles
a: no special abilities


You were on level 7 of the Dungeon.
You visited 1 branch of the dungeon, and saw 7 of its levels.

You collected 1125 gold pieces.
You spent 104 gold pieces at shops.

Inventory:

Hand Weapons
 b - a +2 dagger of speed
 g - a +0 hand axe
 r - a +0 spear (weapon)
Armour
 n - a +0 buckler (worn)
 s - an orb of mayhem
Jewellery
 v - a +4 ring of protection
Wands
 u - a wand of flame (15)
Scrolls
 c - a scroll of teleportation
 d - a scroll of poison
 h - a scroll of summoning {unknown}
 i - 4 scrolls of immolation
 k - 2 scrolls of amnesia
 l - 2 scrolls of enchant armour
 o - a scroll of fog
 q - 2 scrolls of fear {unknown}
 x - a scroll of noise {unknown}
Potions
 a - a potion of magic
 e - a potion of might
 f - a potion of brilliance
 j - 2 potions of curing {unknown}
 m - a potion of mutation {unknown}
 p - a potion of enlightenment
 t - a potion of invisibility {unknown}
 w - a potion of haste {unknown}
 z - a potion of lignification {unknown}


   Skills:
 * Level 3.9 Fighting
 - Level 0.1 Short Blades
 * Level 4.8 Polearms
 * Level 4.6 Dodging
 - Level 3.0 Stealth
 * Level 3.0 Shields
 + Level 2.7 Unarmed Combat
 * Level 3.8 Spellcasting
 - Level 2.0 Conjurations
 + Level 4.8 Alchemy


You had 4 spell levels left.
You knew the following spells:

 Your Spells              Type           Power      Damage    Failure   Level
a - Sting                 Conj/Alch      56%        1d6       6%          1
b - Mercury Vapours       Alch/Air       20%        N/A       14%         2
c - Mephitic Cloud        Conj/Alch/Air  10%        N/A       30%         3
d - Olgreb's Toxic Radia  Alch           18%        N/A       34%         4

Your spell library contained the following spells:

 Spells                   Type           Power      Damage    Failure   Level
 Momentum Strike          Conj/Tloc      12%        3d8       26%         2
 Blink                    Tloc           6%         N/A       36%         2
 Lesser Beckoning         Tloc           6%         N/A       36%         2
 Call Canine Familiar     Summ           3%         N/A       58%         3
 Sigil of Binding         Hex            3%         N/A       58%         3
 Sticky Flame             Fire/Alch      10%        2d5       67%         4
 Dimensional Bullseye     Hex/Tloc       1%         N/A       94%         4
 Iskenderun's Battlesphe  Conj           9%         2d6       97%         5
 Bombard                  Conj/Erth      3%         9d1       100%        6
 Spellforged Servitor     Conj/Summ      3%         N/A       100%        7


Dungeon Overview and Level Annotations

Branches:
Dungeon (7/15)
 Temple: D:4-7

Altars:
Ashenzari
Dithmenos
Fedhas
Trog
Uskayaw
Vehumet

Shops:
D:3 *


Innate Abilities, Weirdness & Mutations

You cannot wear most types of armour.
You are amphibious.
You can wear up to eight rings at the same time.
Your skin changes colour to match your surroundings (Stealth+).
Your rubbery body absorbs attacks. (AC +1, EV +1)
((You are camouflaged when in or above water. (Stealth+)))
You have tentacles for arms and can constrict up to eight enemies at once.


Message History

Casting: Mercury Vapours (safe; 14% risk of failure)
Confirm with . or Enter, or press ? or * to list all spells.
Aiming: Mercury Vapours (safe; 14% risk of failure)
Press: ? - help, Dir - move target, f/p - gnoll
Aim: a gnoll, wielding a +0 club (lightly wounded, very poisoned, weak, chance to weaken: 100%) Fumes of mercury billow around the gnoll!
The gnoll looks even sicker.
The gnoll looks even weaker.
You barely miss the gnoll. Your grab misses the gnoll.
The gnoll is moderately wounded.
The gnoll closely misses you.
You closely miss the gnoll. Your grab misses the gnoll.
The gnoll is heavily wounded.
The gnoll hits you with a +0 club.
You barely miss the gnoll. Your grab misses the gnoll.
The gnoll is heavily wounded.
Unknown command. 2 gnolls come into view.
A gnoll comes into view. It is wielding a +0 club.
A gnoll comes into view. It is wielding a +0 whip.
The gnoll sergeant hits you with a +0 spear!
You kill the gnoll!
The gnoll barely misses you.
The gnoll sergeant hits you with a +0 spear!
The gnoll hits you with a +0 spear!
The gnoll bouda barks out a call to the hunt!
The gnolls pick up the pace!
The gnoll sergeant hits you with a +0 spear!
The gnoll barely misses you. x2
The gnoll sergeant hits you with a +0 spear!
* * * LOW HITPOINT WARNING * * *
The gnoll shouts!
There is a stone staircase leading up here.
You hear a shout!
The gnoll hits you from afar with a +0 spear.
* * * LOW HITPOINT WARNING * * *
The gnoll hits you with a +0 spear.
* * * LOW HITPOINT WARNING * * *
The gnoll barely misses you.
The gnoll sergeant hits you with a +0 spear!
You die...

#..[.......#
#.........### #
##...)..$ /#.#..
#....).. .....
#....g###..##..#
#...gg.........
###.#....##....
#.##.g....#
##..g@....#
#....g.####...
#..#gg## ..
#.###.. ... ...
. ... ###. . ..
.. . .


Y You could see a gnoll sergeant (swift), a gnoll bouda and 6 gnolls.

Vanquished Creatures
  A water moccasin (D:5)
  An ice beast (D:6)
  2 black bears (D:5)
  An orc warrior (D:6)
  A phantom (D:5)
  4 hounds
  3 orc priests
  Jessica (D:2)
  4 iguanas
  4 orc wizards
  8 gnolls
  6 adders
  2 ufetubi (D:6)
  4 ribbon worms
  4 dart slugs
  10 orcs
  5 endoplasms
  5 giant cockroaches
  7 hobgoblins
  10 kobolds
  5 quokkas
  9 ball pythons
  8 bats
  7 frilled lizards
  12 goblins
  6 rats
130 creatures vanquished.

Notes
Turn   | Place    | Note
-------+----------+-------------------------------------------
     0 | D:1      | chunkyMonkey the Octopode Alchemist began the quest for the
                  | Orb.
     0 | D:1      | Reached XP level 1. HP: 11/11 MP: 3/3
   125 | D:1      | Upgraded the game from 0.31-a0-1549-g5ff9445e89 to
                  | 0.32-a0-7-ge934b4519a
   200 | D:1      | Reached XP level 2. HP: 16/17 MP: 5/5
   565 | D:1      | Reached XP level 3. HP: 22/22 MP: 6/6
   743 | D:1      | Found a faded altar of an unknown god.
   877 | D:2      | Learned a level 2 spell: Mercury Vapours
  1022 | D:2      | Reached skill level 1 in Fighting
  1425 | D:2      | Noticed Jessica
  1437 | D:2      | Killed Jessica
  1438 | D:2      | Reached XP level 4. HP: 4/28 MP: 0/7
  1795 | D:2      | Reached skill level 1 in Unarmed Combat
  2034 | D:2      | Learned a level 3 spell: Mephitic Cloud
  2040 | D:2      | Reached XP level 5. HP: 33/34 MP: 3/8
  2390 | D:3      | Found Faami's General Store.
  2390 | D:3      | Found a shadowy altar of Dithmenos.
  2400 | D:3      | Bought a scroll of teleportation for 39 gold pieces
  2400 | D:3      | Bought a potion of heal wounds for 65 gold pieces
  2481 | D:3      | Found a radiant altar of Vehumet.
  2569 | D:3      | Found a hide-covered altar of Uskayaw.
  3154 | D:3      | Reached skill level 1 in Polearms
  3663 | D:4      | Reached XP level 6. HP: 39/39 MP: 2/9
  4061 | D:4      | Reached skill level 1 in Shields
  4392 | D:5      | Entered Level 5 of the Dungeon
  4401 | D:5      | Learned a level 4 spell: Olgreb's Toxic Radiance
  4405 | D:5      | Found a broken altar of Ashenzari.
  4484 | D:5      | Noticed a black bear
  4492 | D:5      | Killed a black bear
  4493 | D:5      | Reached XP level 7. HP: 33/45 MP: 2/11
  4664 | D:5      | Identified a scroll of acquirement
  4665 | D:5      | Acquired 789 gold pieces
  4715 | D:5      | Found a bloodstained altar of Trog.
  4754 | D:5      | HP: 2/46 [poisoned by a water moccasin]
  5497 | D:6      | Reached XP level 8. HP: 49/52 MP: 13/13
  6742 | D:7      | Found a blossoming altar of Fedhas.
  6777 | D:7      | Noticed a yak
  6777 | D:7      | Noticed a yak
  6788 | D:7      | Noticed a yak
  6789 | D:7      | Noticed a yak
  6957 | D:7      | Mangled by a gnoll sergeant

Illustrated notes

Levels and vault maps discovered:
D:1:      minmay_arrival_cross, layout_basic, chequers_ecumenical_altar_grove
D:2:      layout_loops_ring, minmay_increasing_density, uniq_jessica
D:3:      layout_rooms, lemuel_tele_altar, nicolae_overflow_crystal_walls,
          grunt_dithmenos_smoke_and_mirrors, serial_shops, nicolae_shop_stone,
          kennysheep_crisscross, st_stairs_1
D:4:      layout_basic
D:5:      layout_rooms, mainiacjoe_overflow_catch_the_wave
D:6:      layout_gridville
D:7:      layout_cave_pools, fedhas_altar_fruit_tree, pf_just_have_faith,
          temple_green, serial_shops, nicolae_shop_trees

Skill      XL: |  1  2  3  4  5  6  7  8 |
---------------+-------------------------+-----
Stealth        | 3 |  3.0
Fighting       | 1 2 3 |  3.9
Dodging        | 3 4 |  4.6
Unarmed Combat | 1 2 |  2.7
Polearms       | 1 2 3 4 |  4.8
Conjurations   | 2 |  2.0
Alchemy        | 4 |  4.8
Shields        | 1 2 3 |  3.0
Spellcasting   | 3 |  3.8
Short Blades   | |  0.1

Action                     |  1- 3 |  4- 6 |  7- 9 || total
---------------------------+-------+-------+-------++-------
  Melee: Dagger            |    48 |    91 |     4 ||   143
         Constrict         |    25 |    30 |    18 ||    73
         Tentacles         |    13 |    33 |    27 ||    73
         Hand axe          |    40 |       |       ||    40
         Punch             |     1 |     4 |     3 ||     8
         Spear             |       |    60 |   118 ||   178
   Cast: Sting             |     8 |     7 |       ||    15
         Mercury Vapours   |     8 |    29 |    30 ||    67
         Mephitic Cloud    |       |     2 |     2 ||     4
  Evoke: Wand              |       |       |     4 ||     4
    Use: Scroll            |       |     5 |     3 ||     8
         Potion            |       |       |     7 ||     7
   Stab: Sleeping          |     4 |     5 |     1 ||    10
         Distracted        |       |     2 |       ||     2
         Confused          |       |     1 |     3 ||     4
 Armour: Skin              |    46 |    43 |    79 ||   168
  Dodge: Dodged            |    57 |    62 |    71 ||   190
  Block: Buckler           |       |    13 |    23 ||    36

Table legend: (Time is in decaauts)
 A = Elapsed time spent in this place.
 B = Non-inter-level travel time spent in this place.
 C = Inter-level travel time spent in this place.
 D = Time resting spent in this place.
 E = Time spent auto-exploring this place.
 F = Levels seen in this place.
 G = Mean time per level.
                   A        B        C        D        E       F      G
               +--------+--------+--------+--------+--------+-----+--------+
         Total |   6930 |   6748 |    182 |   2447 |   3114 |   7 |  990.0 |
       Dungeon |   6930 |   6748 |    182 |   2447 |   3114 |   7 |  990.0 |
               +--------+--------+--------+--------+--------+-----+--------+

Top non-repeatable levels by time:
     D:2: 1615 daAuts
     D:6: 1419 daAuts
     D:3: 1236 daAuts
     D:1: 756 daAuts
     D:4: 753 daAuts
     D:5: 731 daAuts
     D:7: 418 daAuts
